 Dungeon Crawl Stone Soup version 0.21-a0-233-g0929f2e (webtiles) character file.

24 GordonOverkill the Poker (level 3, -2/30 HPs)
             Began as a Gnoll Monk on Sept 2, 2017.
             Slain by a gnoll
             ... wielding a +0 spear
              (10 damage)
             ... on level 1 of the Dungeon.
             The game lasted 00:01:02 (873 turns).

GordonOverkill the Poker (Gnoll Monk)                Turns: 873, Time: 00:01:02

Health: -2/30      AC:  2    Str:  7    XL:     3   Next: 2%
Magic:  3/3        EV: 13    Int:  7    God:
Gold:   33         SH:  0    Dex:  7    Spells: 2/2 levels left

rFire    . . .     SeeInvis .   a - +0 spear
rCold    . . .     Gourm    .   (no shield)
rNeg     . . .     Faith    .   b - +0 robe
rPois    .         Spirit   .   (no helmet)
rElec    .         Reflect  .   (no cloak)
rCorr    .         Harm     .   (no gloves)
MR       .....                  (no boots)
Stlth    ++........             (no amulet)
HPRegen  0.10/turn              (no ring)
MPRegen  0.08/turn              (no ring)

@: no status effects
A: unchanging attributes, fangs 1, strong nose
a: no special abilities


You were on level 1 of the Dungeon.
You were not hungry.

You visited 1 branch of the dungeon, and saw 1 of its levels.

You collected 33 gold pieces.

Inventory:

Hand Weapons
 a - a +0 spear (weapon)
Armour
 b - a +0 robe (worn)
Scrolls
 h - a scroll of random uselessness {unknown}
 i - a scroll of noise {unknown}
 j - a scroll of blinking {unknown}
 k - a scroll of fear {unknown}
Potions
 e - a potion of cancellation {unknown}
 f - a potion of haste {unknown}
 g - 2 potions of agility {unknown}
Comestibles
 c - a bread ration
 d - 4 chunks of flesh


   Skills:
 - Level 4.0 Fighting
 * Level 5.4 Polearms
 - Level 4.0 Dodging
 - Level 2.4 Stealth


You had 2 spell levels left.
You didn't know any spells.

Dungeon Overview and Level Annotations

Branches:
Dungeon (1/15)

Altars:


Innate Abilities, Weirdness & Mutations

Your physical attributes are unchanging.
You have very sharp teeth.
Your uncanny sense of smell can sniff out nearby items.


Message History

The gnoll is heavily wounded.
You hit the gnoll.
The gnoll is severely wounded.
The gnoll hits you with a spear!
* * * LOW HITPOINT WARNING * * *
You hit the gnoll but do no damage.
The gnoll is severely wounded.
The gnoll misses you.
You hit the gnoll but do no damage.
The gnoll is severely wounded.
The gnoll misses you.
You hit the gnoll but do no damage.
The gnoll is severely wounded.
The gnoll misses you.
You hit the gnoll but do no damage.
The gnoll is severely wounded.
You hit the gnoll but do no damage.
The gnoll is severely wounded.
The gnoll hits you with a spear!
You die...

.# .# #.# .###.#
#.#####.# .....#
#.....#.# ...###
#####.#.# #..#
#.#># ...# #.#.#
...# #.#.# ...#
#.#g#
...###########.#@#
.#.............#.#
.#####...#######.#
.# ###...#######.#
.###.............#
...........#######
.###.......# .#
###...### .# #...#


You could see a gnoll.

Vanquished Creatures
  2 oozes (D:1)
  A leopard gecko (D:1)
  A ball python (D:1)
  3 goblins (D:1)
  A hobgoblin (D:1)
  A kobold (D:1)
  2 bats (D:1)
  A frilled lizard (D:1)
  4 rats (D:1)
16 creatures vanquished.

Notes
Turn   | Place    | Note
-------+----------+-------------------------------------------
     0 | D:1      | GordonOverkill the Gnoll Monk began the quest for the Orb.
     0 | D:1      | Reached XP level 1. HP: 19/19 MP: 1/1
    73 | D:1      | Reached XP level 2. HP: 9/25 MP: 2/2
   376 | D:1      | Reached skill level 5 in Polearms
   796 | D:1      | Reached XP level 3. HP: 29/30 MP: 3/3
   873 | D:1      | Slain by a gnoll

Vault maps used:
D:1:      lightli_arrival_windingriver

Skill      XL: |  1  2 |
---------------+-------+-----
Polearms       | 5 |  5.4
Fighting       | |  4.0
Dodging        | |  4.0
Stealth        | |  2.4

Action                   || total
-------------------------++-------
Melee: Spear             ||    91
       Bite              ||     2
 Stab: Sleeping          ||     3
Armor: Robe              ||    15
Dodge: Dodged            ||    48

Table legend:
 A = Spawn XP
 B = Non-spawn XP
 C = Spawn XP percentage of total XP
 D = Spawn monster count
 E = Non-spawn monster count
 F = Spawn count percentage of total count
 G = Total turns spent on level
                    A         B        C        D         E        F      G
               +---------+---------+-------+---------+---------+-------+---------
         Total |       3 |      32 |   8.6 |       2 |      14 |  12.5 |   873
               +---------+---------+-------+---------+---------+-------+---------
           D:1 |       3 |      32 |   8.6 |       2 |      14 |  12.5 |   873
               +---------+---------+-------+---------+---------+-------+---------
